Map: Turbo Cruise '84 LE

Players

Pazifist

  • Race: Terran Terran
  • League: Diamond
  • Spawn Location: 7:00

llllllllllll - Winner!

  • Race: Zerg Zerg
  • League: Diamond
  • Spawn Location: 3:00

VOD

Have the link to the VOD?

Description

I made some good slimy boys and we clapped it while drunk >:3 Make sure to mostly follow my cam if you do watch it

Time

  • Played on: June 14, 2019, 4:38 p.m.
  • Length: 23:53
Show
View Real Time Build Order
Export as new Build Order

Pazifist Terran 

Build Orders: Reaper Expand, Hellion Banshee 

Get SALT Encoding   

  12  0:01  SCV  
  13  0:13  SCV  
  14  0:18  Supply Depot  
  14  0:25  SCV  
  15  0:39  SCV  
  15  0:40  Barracks  
  16  0:45  Refinery  
  16  0:51  SCV  
  17  1:03  SCV  
  18  1:15  SCV  
  19  1:27  Reaper  
  19  1:28  Orbital Command  
  20  1:45  Command Center  
  20  1:51  Supply Depot  
  20  1:54  SCV  
  20  1:59  Marine  
  22  2:06  SCV  
  23  2:16  Factory  
  23  2:19  SCV  
  23  2:21  Refinery  
  24  2:27  Barracks Reactor  
  24  2:31  SCV  
  25  2:43  SCV  
  26  2:55  SCV  
  26  3:07  SCV  
  26  3:10  Orbital Command  
  27  3:14  Barracks Tech Lab  
  27  3:16  Starport  
  27  3:17  Supply Depot  
  27  3:19  Hellion x2  
  31  3:23  SCV  
  32  3:31  Orbital Command  
  32  3:39  SCV  
  32  3:40  Hellion x2  
  37  3:43  Barracks Tech Lab  
  37  3:55  Refinery  
  37  3:59  Banshee  
  37  4:00  Cloaking Field  
  40  4:09  Stimpack  
  40  4:11  Barracks, SCV  
  41  4:18  SCV  
  41  4:24  SCV  
  43  4:30  SCV  
  44  4:35  Hellion x2  
  44  4:36  SCV  
  49  4:42  SCV  
  49  4:45  Supply Depot, Command Center  
  50  4:55  SCV x2  
  52  5:06  Hellion  
  56  5:07  Hellion, Supply Depot, SCV x2  
  56  5:08  Marauder  
  56  5:09  Barracks Reactor  
  56  5:13  Factory  
  60  5:22  SCV  
  60  5:23  Supply Depot  
  60  5:25  Supply Depot, SCV  
  62  5:30  Supply Depot, Refinery  
  62  5:34  SCV  
  63  5:52  SCV  
  63  5:53  SCV  
  65  6:04  SCV  
  65  6:05  SCV  
  67  6:18  SCV x2  
  69  6:19  Orbital Command  
  69  6:25  Marauder, Marine x2  
  72  6:29  Combat Shield  
  72  6:31  Factory Tech Lab  
  75  6:33  Hellion x2  
  75  6:38  Engineering Bay x2  
  77  6:41  Armory  
  77  6:42  SCV x2  
  77  6:43  Marine x2  
  83  6:47  Marauder  
  83  6:54  SCV x2  
  84  6:59  Siege Tank  
  84  7:01  Marine x2  
  89  7:04  Supply Depot  
  89  7:05  Supply Depot  
  89  7:06  Terran Infantry Armor Level 1, Terran Infantry Weapons Level 1  
  89  7:08  Marauder, Supply Depot  
  92  7:11  Siege Tank  
  95  7:15  Medivac  
  95  7:18  Marine  
  95  7:19  Marine  
  99  7:29  Marauder  
  101  7:30  Medivac  
  101  7:32  Refinery  
  103  7:39  Siege Tank  
  103  7:44  Siege Tank  
  109  7:45  Medivac, SCV x3  
  109  7:48  Concussive Shells  
  109  7:51  Marauder  
  116  7:57  SCV  
  117  8:00  Viking, Orbital Command  
  119  8:24  Siege Tank x2, Refinery  
  119  8:26  Marauder, Marine x2  
  129  8:29  Hellion x2  
  129  8:36  Barracks  
  129  8:38  Barracks x2  
  129  8:40  Supply Depot  
  129  8:41  Supply Depot  
  129  8:42  Supply Depot  
  129  8:44  Marine x2  
  123  8:56  Siege Tank x2  
  123  8:59  Marauder  
  123  9:01  Medivac x2  
  123  9:02  Marine x2  
  137  9:07  Sensor Tower, Supply Depot  
  137  9:08  Supply Depot x2  
  137  9:19  Marine, Command Center  
  137  9:20  Marauder, Marine  
  98  9:48  Marauder, Marine  
  98  9:49  Marine  
  102  9:55  Siege Tank  
  102  9:56  Siege Tank  
  108  10:05  SCV  
  108  10:06  Marine, SCV x2  
  108  10:07  Marine  
  112  10:10  Marauder  
  112  10:13  Command Center  
  115  10:18  SCV x3, Barracks Tech Lab x2  
  115  10:19  Barracks Reactor  
  115  10:21  Terran Infantry Weapons Level 2  
  118  10:22  Terran Infantry Armor Level 2  
  118  10:24  Marine  
  118  10:25  Command Center  
  118  10:26  Sensor Tower  
  118  10:27  Siege Tank  
  118  10:28  Siege Tank  
  122  10:45  Viking x2  
  122  10:47  Marauder  
  122  10:48  Marauder, Marine x3  
  133  10:56  Missile Turret x2  
  133  11:00  Siege Tank x2  
  139  11:06  Marine x3, Planetary Fortress  
  139  11:09  Marauder x2  
  146  11:11  Supply Depot  
  146  11:12  Supply Depot x2  
  146  11:25  Marauder  
  148  11:30  Orbital Command  
  148  11:32  Siege Tank  
  134  11:55  Marine  
  134  11:56  Marine x6  
  117  12:13  Marine  
  117  12:14  Marine x6  
  117  12:15  Missile Turret  
  118  12:17  Missile Turret  
  118  12:18  Missile Turret  
  118  12:20  Missile Turret  
  102  12:31  Marine x7  
  108  12:37  Thor  
  108  12:38  Thor  
  108  12:40  Medivac x2  
  120  12:49  Marine x6  
  117  12:53  Terran Infantry Weapons Level 3, Terran Infantry Armor Level 3  
  117  13:00  Missile Turret  
  117  13:01  Missile Turret  
  117  13:04  Orbital Command  
  117  13:09  Marauder x3  
  117  13:10  Marine  
  117  13:11  Marine x2  
  126  13:20  Thor  
  132  13:30  Marauder x2  
  132  13:31  Marauder  
  128  13:43  Orbital Command  
  128  13:46  Marine  
  128  13:47  Marine x3  
  131  13:51  Marine  
  131  13:52  Marauder x2  
  136  14:04  Marine x2  
  136  14:05  Marine x2  
  107  14:40  Marauder x3, Marine x3  
  107  14:41  Marine  
  106  14:57  Thor x2  
  106  14:58  Marine x4  
  118  15:01  Marauder, Marine x2  
  122  15:16  Marine  
  123  15:27  Marauder x3, Sensor Tower, Marine, Orbital Command  
  123  15:28  Marine x2  
  132  15:33  Marine  
  132  15:35  Medivac  
  135  15:40  Siege Tank x2  
  141  15:45  Marine x3  
  141  15:48  Marauder x3  
  150  15:51  Marine  
  151  16:03  Marine x3  
  154  16:09  Marine x3, Command Center  
  157  16:12  Thor x2, Refinery  
  145  16:24  Refinery  
  130  16:26  Marauder, Marine  
  130  16:27  Marauder x2, Marine x3  
  140  16:44  Marine  
  140  16:45  Marine x3  
  144  16:47  Marine  
  145  16:55  Siege Tank  
  136  17:04  Marauder x2, Marine x4  
  136  17:06  Marauder  
  146  17:22  Marine x4, Command Center  
  147  17:25  Marine x2, Command Center  
  147  17:26  Marine  
  153  17:39  Marine  
  153  17:40  Marine x3  
  153  17:43  Marauder x2  
  161  17:44  Siege Tank x2  
  161  17:45  Marauder  
  169  18:04  Marauder  
  161  18:11  Medivac x2  
  165  18:16  Thor x2  
  177  18:28  Command Center  
  177  18:31  Supply Depot  
  177  18:32  Marauder x3, Marine  
  177  18:33  Marine x3  
  187  18:41  Medivac x2  
  191  18:45  Supply Depot  
  191  18:47  Orbital Command  
  191  18:50  Marine x4  
  191  18:51  Planetary Fortress  
  191  18:53  Marine x2  
  197  19:21  Viking  
  117  19:50  Marine x6  
  117  19:51  Marine  
  124  20:02  Viking x2  
  124  20:04  Siege Tank x2  
  134  20:08  Marine x6  
  134  20:09  Marauder  
  142  20:22  Orbital Command  
  142  20:23  Sensor Tower  
  142  20:25  Marine  
  142  20:26  Marine  
  142  20:27  Marauder x2  
  148  20:32  Viking x2  
  148  20:34  Marauder, Marine x2  
  156  20:43  Marine  
  156  20:46  Orbital Command  
  156  20:47  Sensor Tower  
  156  20:48  Marauder  
  159  20:51  Marauder, Marine  
  159  20:52  Marine x2  
  159  20:54  Thor  
  159  20:55  Marauder  
  172  21:30  Marauder  
  172  21:31  Marauder x2, Marine  
  172  21:32  Marine x3  
  182  21:35  Siege Tank  
  182  21:37  Siege Tank  
  188  21:49  Marine x2  
  188  21:50  Marine x2  
  188  21:52  Marauder x3  
  198  22:07  Marine x2  
  78  23:20  Marauder  
  78  23:21  Marauder  
Show
View Real Time Build Order
Export as new Build Order

llllllllllll Zerg - Winner!

Build Orders: Hatch First, Muta Ling Bane 

Get SALT Encoding   

  12  0:01  Drone  
  13  0:12  Overlord  
  13  0:17  Drone  
  14  0:30  Drone x2  
  16  0:48  Hatchery  
  15  0:52  Drone  
  15  0:55  Drone  
  17  0:58  Drone  
  18  1:11  Extractor  
  17  1:15  Spawning Pool  
  17  1:18  Drone  
  17  1:20  Drone  
  18  1:27  Drone  
  19  1:38  Overlord  
  19  1:49  Drone  
  20  2:01  Queen x2  
  20  2:03  Zergling x4  
  26  2:11  Metabolic Boost  
  26  2:13  Zergling x2  
  26  2:15  Drone  
  28  2:22  Drone x2  
  30  2:39  Overlord  
  30  2:40  Drone  
  30  2:50  Queen  
  31  3:05  Drone x3  
  34  3:07  Drone  
  34  3:11  Hatchery  
  34  3:15  Zergling x2  
  34  3:16  Zergling x4  
  37  3:24  Drone x2  
  37  3:25  Drone x2  
  41  3:42  Baneling Nest, Overlord, Drone  
  41  3:45  Overlord  
  41  3:48  Overlord  
  41  3:49  Drone  
  41  3:50  Drone  
  43  4:04  Extractor  
  43  4:05  Lair, Extractor  
  43  4:06  Zergling x4  
  43  4:07  Zergling x4  
  45  4:14  Queen  
  47  4:19  Zergling x6  
  47  4:20  Zergling x2  
  51  4:37  Drone x3  
  51  4:38  Drone x3  
  56  4:39  Drone  
  58  4:57  Zergling x2  
  58  4:58  Zergling x10  
  64  5:00  Baneling x4  
  64  5:01  Baneling x3  
  64  5:02  Centrifical Hooks  
  64  5:05  Drone  
  65  5:17  Drone x8  
  73  5:35  Evolution Chamber, Overlord x2  
  72  5:36  Evolution Chamber, Queen, Overlord  
  73  5:48  Spore Crawler  
  72  5:50  Spore Crawler  
  72  5:52  Spore Crawler  
  64  6:16  Zergling x8  
  64  6:17  Zergling x22  
  75  6:32  Extractor  
  73  6:45  Zerg Ground Armor Level 1  
  73  6:47  Zerg Melee Weapons Level 1  
  73  6:50  Baneling  
  73  6:51  Baneling x6  
  73  7:07  Drone x2  
  73  7:08  Extractor, Drone  
  76  7:10  Drone x7  
  76  7:11  Drone x7  
  76  7:14  Hatchery, Drone  
  76  7:15  Drone  
  90  7:16  Spore Crawler  
  89  7:37  Zergling x16  
  97  7:45  Overlord x2  
  97  7:54  Spire, Overlord x2  
  97  7:55  Overlord  
  96  8:25  Zergling x2  
  96  8:26  Zergling x28  
  111  8:36  Drone  
  111  8:37  Drone  
  111  8:38  Drone x2  
  111  8:39  Drone  
  115  8:43  Drone  
  115  8:45  Drone  
  115  8:47  Zergling x2, Extractor  
  113  9:05  Drone  
  113  9:06  Drone x2  
  113  9:09  Queen  
  116  9:11  Drone x6  
  116  9:12  Overlord x6  
  124  9:18  Drone  
  124  9:19  Spore Crawler  
  91  9:40  Zergling x6  
  91  9:41  Zergling x18  
  90  9:53  Mutalisk x4  
  90  9:54  Mutalisk x4  
  106  10:02  Baneling  
  106  10:03  Baneling x4  
  102  10:23  Zergling x14  
  102  10:24  Zergling x22  
  102  10:26  Pneumatized Carapace  
  102  10:27  Overseer x2  
  102  10:28  Overseer  
  118  10:46  Baneling x8  
  118  10:47  Baneling x5  
  118  11:09  Mutalisk x15  
  148  11:12  Hatchery  
  148  11:16  Infestation Pit  
  146  11:24  Extractor  
  146  11:25  Zergling x2, Extractor  
  145  11:26  Zergling x12  
  123  12:00  Zergling x2  
  123  12:01  Zergling x30  
  126  12:11  Queen  
  124  12:23  Zergling x20  
  124  12:29  Zerg Flyer Weapons Level 1  
  131  12:31  Hive  
  131  12:35  Zerg Melee Weapons Level 2, Zerg Ground Armor Level 2  
  131  12:44  Drone x11  
  134  12:50  Drone x2  
  143  12:51  Drone  
  143  12:54  Baneling x6  
  143  12:55  Baneling x6  
  144  13:09  Drone  
  144  13:10  Drone x5  
  150  13:16  Spore Crawler  
  150  13:17  Mutalisk x2, Zergling x8, Spore Crawler  
  150  13:18  Zergling x12  
  122  13:43  Zergling x20  
  122  13:44  Zergling x14  
  122  13:46  Baneling x10  
  122  13:47  Baneling x10  
  129  13:52  Drone x4  
  133  13:57  Queen  
  128  14:14  Zergling x14  
  128  14:15  Zergling x16  
  120  14:20  Baneling  
  120  14:21  Baneling x8  
  120  14:29  Zergling x2  
  120  14:30  Zergling x12  
  127  14:32  Spine Crawler  
  127  14:33  Spine Crawler  
  99  14:56  Zergling x30  
  99  14:57  Zergling x6  
  115  15:08  Extractor  
  115  15:09  Extractor  
  111  15:16  Zerg Melee Weapons Level 3  
  111  15:17  Zerg Ground Armor Level 3  
  111  15:18  Greater Spire  
  111  15:20  Spire  
  110  15:26  Queen  
  112  15:32  Queen  
  112  15:34  Mutalisk x8  
  112  15:35  Mutalisk x10  
  146  15:38  Spine Crawler  
  146  15:39  Hatchery  
  148  15:47  Baneling  
  148  15:48  Baneling x17  
  148  15:49  Baneling x8  
  148  15:50  Zergling x2  
  148  15:52  Overlord  
  149  16:03  Zergling x10  
  149  16:04  Zergling x12  
  146  16:23  Zergling x4  
  146  16:24  Zergling x30  
  125  16:27  Baneling x5  
  125  16:28  Baneling  
  125  16:44  Mutalisk x2, Zergling x2, Corruptor  
  125  16:45  Corruptor x2  
  135  16:57  Adrenal Glands  
  132  17:04  Drone x3  
  132  17:05  Drone x3  
  138  17:12  Zerg Flyer Weapons Level 2  
  138  17:13  Zerg Flyer Armor Level 1  
  138  17:17  Baneling x4  
  138  17:18  Baneling x4, Queen  
  138  17:20  Overlord x2, Drone x3  
  138  17:21  Overlord  
  143  17:24  Overseer  
  143  17:25  Overseer, Overlord  
  119  18:05  Zergling x2  
  119  18:06  Zergling x32  
  135  18:14  Ultralisk Cavern  
  135  18:17  Zergling x2  
  135  18:18  Zergling x42  
  135  18:19  Zergling x16  
  162  18:30  Spine Crawler  
  162  18:32  Baneling x7  
  162  18:33  Baneling x2  
  161  18:37  Hatchery  
  161  18:39  Drone x2  
  162  18:44  Extractor  
  161  18:50  Brood Lord x3  
  161  18:51  Corruptor x3  
  173  19:04  Baneling  
  173  19:05  Baneling  
  173  19:06  Baneling x8  
  173  19:19  Zergling x4  
  173  19:20  Zergling x30  
  178  19:34  Zergling x32  
  178  19:35  Zergling x12  
  151  19:49  Zerg Flyer Weapons Level 3, Zerg Flyer Armor Level 2  
  151  19:52  Ultralisk  
  153  19:54  Zergling x8  
  153  19:57  Baneling x5  
  153  19:58  Baneling  
  155  20:16  Baneling x5  
  155  20:17  Baneling  
  155  20:18  Ultralisk x3  
  155  20:20  Zergling x4  
  175  20:43  Ultralisk  
  175  20:44  Ultralisk x3  
  175  20:49  Chitinous Plating  
  199  21:40  Baneling x9  
  199  21:41  Baneling x2  
  199  22:08  Anabolic Synthesis  
  199  22:10  Extractor  
  199  22:11  Spore Crawler  
  199  22:12  Extractor  
  199  22:14  Zergling x6  
  197  23:12  Zergling x2  
  158  23:13  Zergling x12  
  158  23:14  Zergling x34  
  158  23:15  Zergling x36  
  158  23:16  Zergling x14  
  186  23:22  Corruptor x4  
  186  23:23  Corruptor x5  
Tags
 
Add a new tag
Caveats
  • Supply blocks, unpowered buildings, or Contaminate may cause inaccurate times.
  • Supply counts are checked every 10 seconds.